CAL (WIN)
LAKELAND FLYING TIGERS @ FREDERICK KEYS
12/17/2044
 
TOP OF THE 1ST
Lakeland Flying Tigers batting - Pitching for Frederick Keys : LHP Luis Perez
Pitching: LHP Luis Perez
Batting: LHB Jeff Trapp 0-0: Ball
1-0: Swinging Strike
1-1: Foul Ball, location: 2F
1-2: Ball
2-2: Ball
3-2: Ground out 5-3 (Groundball, 56S, EV 76.9 MPH)
Batting: RHB Aaron Cusick 0-0: Called Strike
0-1: Foul Ball, location: 2F
0-2: Ball
1-2: Foul Ball, location: 2F
1-2: Ball
2-2: Strikes out looking
Batting: RHB Eric Angelle 0-0: Called Strike
0-1: Called Strike
0-2: Ball
1-2: Foul Ball, location: 2F
1-2: SOLO HOME RUN (Flyball, 89XD, EV 103.1 MPH), Distance : 420 ft
Batting: RHB Jon Pierce 0-0: Ball
1-0: Ball
2-0: Foul Ball, location: 2F
2-1: Called Strike
2-2: Foul Ball, location: 2F
2-2: Foul Ball, location: 2F
2-2: Ball
3-2: Foul Ball, location: 2F
3-2: Ground out 6-3 (Groundball, 6, EV 83.1 MPH)
Top of the 1st over - 1 run, 1 hit, 0 errors, 0 left on base; Lakeland 1 - Frederick 0
BOTTOM OF THE 1ST
Frederick Keys batting - Pitching for Lakeland Flying Tigers : RHP Matt Sturge
Pitching: RHP Matt Sturge
Batting: RHB J.J. Basil 0-0: Swinging Strike
0-1: Called Strike
0-2: Fly out, F3 (Popup, 3SF, EV 80.6 MPH)
Batting: LHB Eric Jackson 0-0: SINGLE (Flyball, 4MD, EV 85.6 MPH)
Batting: LHB Tim Mulholland 0-0: Called Strike
0-1: Ball
1-1: Called Strike
Eric Jackson steals 2nd base (no throw)
1-2: Foul Ball, location: 2F
1-2: Foul Ball, location: 2F
1-2: Ball
2-2: Ball
3-2: Strikes out swinging
Batting: SHB Jorge Brito 0-0: 2-RUN HOME RUN (Flyball, 7D, EV 98.8 MPH), Distance : 375 ft
Batting: LHB David Best 0-0: Ball
1-0: Called Strike
1-1: Ball
2-1: Foul Ball, location: 2F
2-2: SINGLE (Groundball, 3D, EV 101.9 MPH)
Batting: RHB Jordan Wallace 0-0: Ball
1-0: Fly out, F8 (Flyball, 78D, EV 96.3 MPH)
Bottom of the 1st over - 2 runs, 3 hits, 0 errors, 1 left on base; Lakeland 1 - Frederick 2
TOP OF THE 2ND
Lakeland Flying Tigers batting - Pitching for Frederick Keys : LHP Luis Perez
Batting: RHB Mike Patterson 0-0: Foul Ball, location: 2F
0-1: Foul Ball, location: 2F
0-2: Ball
1-2: Ground out 6-3 (Groundball, 56, EV 101.3 MPH)
Batting: RHB Victor Reyes 0-0: Ball
1-0: Called Strike
1-1: Ball
2-1: Called Strike
2-2: Foul Ball, location: 2F
2-2: Strikes out swinging passed ball, reaches first!
Batting: RHB Jamie Bass 0-0: Ball
1-0: Called Strike
1-1: DOUBLE (Line Drive, 3D, EV 101.9 MPH)
Victor Reyes to third
Runner from 3rd tries for Home, SAFE, throw by RF to home
Batting: RHB Travis Newton 0-0: Ball
1-0: Ball
2-0: Fly out, F9 (Flyball, 9D, EV 81.9 MPH)
Batting: LHB Oscar Gonzalez 0-0: Ball
1-0: Ground out 4-3 (Groundball, 4, EV 88.8 MPH)
Top of the 2nd over - 1 run, 1 hit, 0 errors, 1 left on base; Lakeland 2 - Frederick 2
BOTTOM OF THE 2ND
Frederick Keys batting - Pitching for Lakeland Flying Tigers : RHP Matt Sturge
Batting: RHB Daniel Jackson 0-0: Foul Ball, location: 2F
0-1: Called Strike
0-2: Foul Ball, location: 2F
0-2: SINGLE (Groundball, 6MD, EV 106.3 MPH)
Batting: RHB Hunter Neumann 0-0: Called Strike
0-1: Ball
1-1: Foul Ball, location: 2F
1-2: Ball
2-2: Strikes out swinging
Batting: SHB Hugo Moreno 0-0: Fly out, F6 (Flyball, 6MD, EV 85.6 MPH)
Batting: RHB J.J. Basil 0-0: Ground out 1-3 (Groundball, P, EV 63.1 MPH)
Bottom of the 2nd over - 0 runs, 1 hit, 0 errors, 1 left on base; Lakeland 2 - Frederick 2
TOP OF THE 3RD
Lakeland Flying Tigers batting - Pitching for Frederick Keys : LHP Luis Perez
Batting: LHB Jeff Trapp 0-0: Called Strike
0-1: Called Strike
0-2: Ball
1-2: Foul Ball, location: 2F
1-2: Strikes out swinging
Batting: RHB Aaron Cusick 0-0: Swinging Strike
0-1: Foul Ball, location: 2F
0-2: Ball
1-2: Ball
2-2: Strikes out swinging
Batting: RHB Eric Angelle 0-0: Ball
1-0: Called Strike
1-1: Ball
2-1: Reached on error, E7 (Line Drive, 7, EV 97.5 MPH)
Batting: RHB Jon Pierce 0-0: Called Strike
0-1: Foul Ball, location: 2F
0-2: Ball
1-2: Foul Ball, location: 2F
1-2: DOUBLE (Line Drive, 7LS, EV 110.0 MPH)
Eric Angelle scores
Batting: RHB Mike Patterson 0-0: Ball
1-0: Foul Ball, location: 2F
1-1: Ball
2-1: Foul Ball, location: 2F
2-2: Ball
3-2: Strikes out swinging
Top of the 3rd over - 1 run, 1 hit, 1 error, 1 left on base; Lakeland 3 - Frederick 2
BOTTOM OF THE 3RD
Frederick Keys batting - Pitching for Lakeland Flying Tigers : RHP Matt Sturge
Batting: LHB Eric Jackson 0-0: Bunt for hit to 23 - play at first, batter OUT! 3-4
Batting: LHB Tim Mulholland 0-0: Called Strike
0-1: Ball
1-1: Ball
2-1: Ball
3-1: SINGLE (Popup, 5D, EV 56.3 MPH)
Batting: SHB Jorge Brito 0-0: Ball
1-0: Ball
2-0: Ball
3-0: Called Strike
3-1: Foul Ball, location: 2F
3-2: Fly out, F9 (Flyball, 9D, EV 96.3 MPH)
Batting: LHB David Best 0-0: Ball
1-0: Ball
2-0: Ball
3-0: Called Strike
3-1: Base on Balls
Tim Mulholland to second
Batting: RHB Jordan Wallace 0-0: Fielders Choice at 2nd, 6-4 (Groundball, 6, EV 78.1 MPH)
Bottom of the 3rd over - 0 runs, 1 hit, 0 errors, 2 left on base; Lakeland 3 - Frederick 2
TOP OF THE 4TH
Lakeland Flying Tigers batting - Pitching for Frederick Keys : LHP Luis Perez
Batting: RHB Victor Reyes 0-0: Ball
1-0: Ball
2-0: Swinging Strike
2-1: Swinging Strike
2-2: Ball
3-2: Foul Ball, location: 2F
3-2: Strikes out swinging
Pitching: RHP Brian Tarver
Batting: RHB Jamie Bass 0-0: Ball
1-0: SINGLE (Line Drive, 78S, EV 105.0 MPH)
Batting: RHB Travis Newton 0-0: Called Strike
0-1: Called Strike
0-2: Ball
1-2: Ball
2-2: Strikes out swinging
Batting: LHB Oscar Gonzalez 0-0: Ball
1-0: Ball
2-0: Ball
3-0: Base on Balls
Jamie Bass to second
Batting: LHB Jeff Trapp 0-0: Fielders Choice at 2nd, 6-4 (Groundball, 6, EV 90.6 MPH)
Top of the 4th over - 0 runs, 1 hit, 0 errors, 2 left on base; Lakeland 3 - Frederick 2
BOTTOM OF THE 4TH
Frederick Keys batting - Pitching for Lakeland Flying Tigers : RHP Matt Sturge
Batting: RHB Daniel Jackson 0-0: Foul Ball, location: 2F
0-1: Foul Ball, location: 2F
0-2: Foul Ball, location: 2F
0-2: Foul Ball, location: 2F
0-2: Ball
1-2: Ball
2-2: Ball
3-2: SINGLE (Line Drive, 56D, EV 97.5 MPH)
Batting: RHB Hunter Neumann 0-0: Swinging Strike
0-1: Grounds into double play, 5-4-3 (Groundball, 56, EV 100.6 MPH)
Batting: SHB Hugo Moreno 0-0: Ball
1-0: Ball
2-0: Swinging Strike
2-1: Swinging Strike
2-2: Strikes out swinging
Bottom of the 4th over - 0 runs, 1 hit, 0 errors, 0 left on base; Lakeland 3 - Frederick 2
TOP OF THE 5TH
Lakeland Flying Tigers batting - Pitching for Frederick Keys : RHP Brian Tarver
Batting: RHB Aaron Cusick 0-0: Swinging Strike
0-1: Swinging Strike
0-2: Foul Ball, location: 2F
0-2: Ball
1-2: Strikes out swinging
Batting: RHB Eric Angelle 0-0: Foul Ball, location: 2F
0-1: Ball
1-1: Ball
2-1: Reached on error, E4 (Groundball, 4, EV 83.8 MPH)
Batting: RHB Jon Pierce 0-0: Called Strike
Eric Angelle is caught stealing 2nd base 2-4
0-1: Foul Ball, location: 2F
0-2: Strikes out swinging
Top of the 5th over - 0 runs, 0 hits, 1 error, 0 left on base; Lakeland 3 - Frederick 2
BOTTOM OF THE 5TH
Frederick Keys batting - Pitching for Lakeland Flying Tigers : RHP Matt Sturge
Batting: RHB J.J. Basil 0-0: Swinging Strike
0-1: Ball
1-1: Swinging Strike
1-2: Ball
2-2: SOLO HOME RUN (Flyball, 9D, EV 110.0 MPH), Distance : 399 ft
Batting: LHB Eric Jackson 0-0: SINGLE (Line Drive, 34, EV 94.4 MPH)
Batting: LHB Tim Mulholland 0-0: Ball
1-0: Ball
2-0: Ball
3-0: Base on Balls
Eric Jackson to second
Batting: SHB Jorge Brito 0-0: Ball
1-0: Foul Ball, location: 2F
1-1: Ball
2-1: Foul Ball, location: 2F
2-2: Ball
3-2: Ground out 4-3 (Groundball, 4, EV 80.0 MPH)
Eric Jackson to third
Tim Mulholland to second
Batting: LHB David Best 0-0: Ball
1-0: Ball
2-0: Ball
Wild Pitch!
Eric Jackson scores
Tim Mulholland to third
3-0: Called Strike
3-1: Foul Ball, location: 2F
3-2: Base on Balls
Pitching: RHP Dave Frazier
Batting: RHB Jordan Wallace 0-0: Ball
1-0: Ball
2-0: Called Strike
2-1: Foul Ball, location: 2F
2-2: Ball
3-2: SINGLE (Groundball, 6MS, EV 91.3 MPH) (infield hit)
Tim Mulholland scores
David Best to second
Batting: RHB Daniel Jackson 0-0: Called Strike
0-1: Fly out, F8 (Flyball, 8RD, EV 92.5 MPH)
Batting: RHB Hunter Neumann 0-0: Called Strike
0-1: Foul Ball, location: 2F
0-2: Fly out, F8 (Flyball, 8LM, EV 87.5 MPH)
Bottom of the 5th over - 3 runs, 3 hits, 0 errors, 2 left on base; Lakeland 3 - Frederick 5
TOP OF THE 6TH
Lakeland Flying Tigers batting - Pitching for Frederick Keys : RHP Brian Tarver
Batting: RHB Mike Patterson 0-0: Called Strike
0-1: Ball
1-1: Ball
2-1: Swinging Strike
2-2: Ball
3-2: Foul Ball, location: 2F
3-2: Strikes out swinging
Batting: RHB Victor Reyes 0-0: Called Strike
0-1: Ground out 6-3 (Groundball, 6MD, EV 108.1 MPH)
Batting: RHB Jamie Bass 0-0: Foul Ball, location: 2F
0-1: Ball
1-1: Hit by Pitch
Batting: RHB Travis Newton 0-0: Ball
1-0: Foul Ball, location: 2F
1-1: Ball
2-1: Swinging Strike
2-2: Strikes out swinging
Top of the 6th over - 0 runs, 0 hits, 0 errors, 1 left on base; Lakeland 3 - Frederick 5
BOTTOM OF THE 6TH
Frederick Keys batting - Pitching for Lakeland Flying Tigers : RHP Dave Frazier
Batting: SHB Hugo Moreno 0-0: Fly out, F8 (Flyball, 78XD, EV 95.0 MPH)
Batting: RHB J.J. Basil 0-0: Ball
1-0: Swinging Strike
1-1: Swinging Strike
1-2: Strikes out swinging
Batting: LHB Eric Jackson 0-0: Called Strike
0-1: Swinging Strike
0-2: Fly out, F8 (Flyball, 8LM, EV 97.5 MPH)
Bottom of the 6th over - 0 runs, 0 hits, 0 errors, 0 left on base; Lakeland 3 - Frederick 5
TOP OF THE 7TH
Lakeland Flying Tigers batting - Pitching for Frederick Keys : RHP Brian Tarver
Pitching: LHP Roger Farley
Batting: LHB Oscar Gonzalez 0-0: Ball
1-0: Foul Ball, location: 2F
1-1: SINGLE (Groundball, 4S, EV 69.4 MPH) (infield hit)
Batting: LHB Jeff Trapp 0-0: Ball
1-0: Bunted foul
1-1: Sac Bunt to 3S - play at first, batter OUT! 3-1
Oscar Gonzalez to second
Pitching: RHP Chris Kimura
Batting: RHB Aaron Cusick 0-0: Ball
1-0: Ball
2-0: Ground out 6-3 (Groundball, 6, EV 81.3 MPH)
Batting: RHB Eric Angelle 0-0: Called Strike
0-1: Ground out 4-3 (Groundball, 4M, EV 88.8 MPH)
Top of the 7th over - 0 runs, 1 hit, 0 errors, 1 left on base; Lakeland 3 - Frederick 5
BOTTOM OF THE 7TH
Frederick Keys batting - Pitching for Lakeland Flying Tigers : RHP Dave Frazier
Batting: LHB Tim Mulholland 0-0: Ball
1-0: Ball
2-0: Foul Ball, location: 2F
2-1: Foul Ball, location: 2F
2-2: Ball
3-2: Base on Balls
Batting: SHB Jorge Brito 0-0: Ball
1-0: Called Strike
1-1: Ball
2-1: Ball
3-1: Foul Ball, location: 2F
3-2: Foul Ball, location: 2F
3-2: Strikes out swinging
Tim Mulholland steals 2nd, throwing error, E2
Tim Mulholland to third
Batting: LHB David Best 0-0: Called Strike
0-1: Fly out, F7 (Flyball, 7D, EV 102.5 MPH)
Runner from 3rd tags up, SCORES, no throw by LF
Batting: RHB Jordan Wallace 0-0: TRIPLE (Line Drive, 9LD, EV 110.6 MPH)
Batting: RHB Daniel Jackson 0-0: Ground out 6-3 (Groundball, 6, EV 102.5 MPH)
Bottom of the 7th over - 1 run, 1 hit, 1 error, 1 left on base; Lakeland 3 - Frederick 6
TOP OF THE 8TH
Lakeland Flying Tigers batting - Pitching for Frederick Keys : RHP Chris Kimura
Now in LF: Rodolfo Montes
Batting: RHB Jon Pierce 0-0: Ground out 3-1 (Groundball, 34S, EV 70.6 MPH)
Batting: RHB Mike Patterson 0-0: Called Strike
0-1: Called Strike
0-2: Ball
1-2: Ball
2-2: Strikes out looking
Batting: RHB Victor Reyes 0-0: Ball
1-0: SINGLE (Groundball, 56, EV 104.4 MPH)
Batting: RHB Jamie Bass 0-0: Swinging Strike
0-1: Called Strike
0-2: Ball
1-2: Foul Ball, location: 2F
1-2: Strikes out swinging
Top of the 8th over - 0 runs, 1 hit, 0 errors, 1 left on base; Lakeland 3 - Frederick 6
BOTTOM OF THE 8TH
Frederick Keys batting - Pitching for Lakeland Flying Tigers : RHP Dave Frazier
Pitching: RHP Bobby Kosmicki
Batting: RHB Hunter Neumann 0-0: Called Strike
0-1: Ground out 5-3 (Groundball, 5L, EV 96.9 MPH)
Batting: SHB Hugo Moreno 0-0: Ball
1-0: Called Strike
1-1: Called Strike
1-2: Strikes out swinging
Batting: RHB J.J. Basil 0-0: Foul Ball, location: 2F
0-1: Foul Ball, location: 2F
0-2: Strikes out looking
Bottom of the 8th over - 0 runs, 0 hits, 0 errors, 0 left on base; Lakeland 3 - Frederick 6
TOP OF THE 9TH
Lakeland Flying Tigers batting - Pitching for Frederick Keys : RHP Chris Kimura
Pitching: RHP Harley Hyde
Batting: RHB Travis Newton 0-0: Ball
1-0: SINGLE (Groundball, 4D, EV 100.0 MPH)
Batting: LHB Oscar Gonzalez 0-0: Ball
1-0: Ball
2-0: Ball
3-0: Called Strike
3-1: Foul Ball, location: 2F
3-2: SINGLE (Line Drive, 56, EV 98.8 MPH)
Travis Newton to second
Batting: LHB Jeff Trapp 0-0: Swinging Strike
0-1: Ball
1-1: Ball
2-1: Swinging Strike
2-2: Strikes out looking
Batting: RHB Aaron Cusick 0-0: Called Strike
0-1: Swinging Strike
0-2: Fly out, F7 (Flyball, 7LM, EV 86.3 MPH)
Batting: RHB Eric Angelle 0-0: Ball
1-0: Ball
2-0: Foul Ball, location: 2F
2-1: Called Strike
2-2: Strikes out swinging
Top of the 9th over - 0 runs, 2 hits, 0 errors, 2 left on base; Lakeland 3 - Frederick 6
Thursday, March 31st , 2022 - OOTP Baseball 22.12 Build 89